 Dungeon Crawl Stone Soup version 0.19-a0-1673-g1c1b307 (webtiles) character file.

142 saintsgambit the Shield-Bearer (level 5, 0/46 HPs)
             Began as a Minotaur Fighter on Sept 22, 2016.
             Succumbed to an adder's poison
             ... on level 3 of the Dungeon.
             The game lasted 00:03:25 (1904 turns).

saintsgambit the Shield-Bearer (Minotaur Fighter)   Turns: 1904, Time: 00:03:26

Health: 0/46       AC:  7    Str: 27    XL:     5   Next: 4%
Magic:  4/4        EV:  8    Int:  5    God:
Gold:   117        SH: 10    Dex:  9    Spells: 0 memorised, 4 levels left

rFire  . . .     SeeInvis .     a - +0 war axe
rCold  . . .     Gourm    .     b - +0 scale mail
rNeg   . . .     Faith    .     c - +0 shield
rPois  .         Spirit   .     (helmet restricted)
rElec  .         Dismiss  .     (no cloak)
rCorr  .         Reflect  .     (no gloves)
MR     .....     Harm     .     (no boots)
Stlth  ..........               (no amulet)
                                (no ring)
                                (no ring)

@: mighty, lethally poisoned (0 -> 0)
A: retaliatory headbutt, horns 2
a: no special abilities


You were on level 3 of the Dungeon.
You were not hungry.

You visited 1 branch of the dungeon, and saw 3 of its levels.

You collected 117 gold pieces.

Inventory:

Hand Weapons
 a - a +0 war axe (weapon)
Armour
 b - a +0 scale mail (worn)
 c - a +0 shield (worn)
Jewellery
 k - an uncursed amulet of rage {unknown}
 u - an uncursed ring of see invisible {unknown}
Scrolls
 h - a scroll of amnesia {unknown}
 m - a scroll of enchant weapon {unknown}
 n - a scroll of magic mapping {unknown}
 p - a scroll of identify {unknown}
 q - 2 scrolls of blinking {unknown}
 s - 2 scrolls of remove curse {unknown}
Potions
 e - a potion of cancellation
 f - a potion of heal wounds {unknown}
 i - a potion of invisibility {unknown}
 j - a potion of haste {unknown}
 l - a potion of mutation {unknown}
 r - a potion of degeneration {unknown}
Comestibles
 g - 2 meat rations
 o - a beef jerky
 t - 3 fruits
 v - a royal jelly


   Skills:
 + Level 4.1 Fighting
 + Level 4.1 Axes
 + Level 4.4 Armour
 + Level 0.7 Dodging
 + Level 4.9 Shields


You had 4 spell levels left.
You didn't know any spells.

Dungeon Overview and Level Annotations

Branches:
Dungeon (3/15)

Altars:


Innate Abilities, Weirdness & Mutations

You reflexively headbutt those who attack you in melee.
You have a pair of horns on your head.


Message History

You see here a flail.
You slash the orc!
You kill the orc!
You block the orc's attack.
You slash the orc!
You kill the orc!
The orc priest begins to cast a cantrip, but forgets the words!
* * * LOW HITPOINT WARNING * * *
You feel sick.
The orc priest hits you but does no damage.
Items here: )) †† a flail; a trident; an orc corpse; a giant cockroach corpse You slash the orc priest!
You kill the orc priest!
Your Axes skill increases to level 4!
You have reached level 5!
The quokka misses you.
You closely miss the quokka. You block the quokka's attack.
You closely miss the quokka.
You die...

.......#.#........#
#..#..#####
.....oo.#.........# #.
#.. .......o#......##.##
#.. ....8...#.....#.#...
#.. ..8.o.8###.....##...
# .......
#.....#.#.####..#..#####
.......
#.....###.......#.......
.......#.#.....##..##
#(#####.
..............)@r...#
........
..#.#.....##.#.#
#.#####.
....#.....###.....
........ ....#.....#
#.#.... #.#####. .8
##..... #...............
#.....# #.. ...#.#######
#..... #.#. #.# # #...
>#. .# #


You could see a quokka.

Vanquished Creatures
  A howler monkey (D:3)
  An orc priest (D:3)
  A worker ant zombie (D:3)
  An adder (D:3)
  A worm (D:3)
  2 leopard geckos
  7 orcs (D:3)
  5 giant cockroaches
  2 goblins (D:2)
  3 hobgoblins
  3 quokkas (D:2)
  4 bats
  2 frilled lizards
  8 kobolds
  8 rats
49 creatures vanquished.

Notes
Turn   | Place    | Note
-------+----------+-------------------------------------------
     0 | D:1      | saintsgambit the Minotaur Fighter began the quest for the Orb.
     0 | D:1      | Reached XP level 1. HP: 19/19 MP: 0/0
   391 | D:1      | Reached XP level 2. HP: 27/27 MP: 1/1
  1360 | D:2      | Reached XP level 3. HP: 33/33 MP: 2/2
  1802 | D:3      | Found a faded altar of an unknown god.
  1861 | D:3      | Reached XP level 4. HP: 29/40 MP: 3/3
  1896 | D:3      | HP: 2/40 [orc/flail (2)]
  1901 | D:3      | HP: 1/40 [poisoned by an adder]
  1902 | D:3      | Reached XP level 5. HP: 1/46 MP: 4/4
  1904 | D:3      | Succumbed to an adder's poison

Vault maps used:
D:1:      minmay_arrival_nine_rooms, solitary_fountain
D:2:      st_stairs_9
D:3:      wad_pebble_path, lemuel_crystal_altar, first_bread,
          ecumenical_altar_2, tgw_xom

Skill      XL: |  1  2  3  4 |
---------------+-------------+-----
Armour         | 4 |  4.4
Shields        | 4 |  4.9
Axes           | 3 4 |  4.1
Fighting       | 4 |  4.1
Dodging        | |  0.7

Action                   |  1- 3 |  4- 6 || total
-------------------------+-------+-------++-------
Melee: War axe           |   117 |    14 ||   131
       Headbutt          |    12 |     5 ||    17
  Use: Potion            |       |     2 ||     2
  Eat: Chunk             |     1 |       ||     1
       Bread ration      |     1 |       ||     1
Armor: Scale mail        |    48 |     8 ||    56
Dodge: Dodged            |    34 |     7 ||    41
Block: Shield            |    65 |    10 ||    75
